 Dungeon Crawl Stone Soup version 0.11.0-24-g666f47c (console) character file.

1485111 ttf the Conqueror (level 27, 219/219 (225) HPs)
             Began as a Halfling Artificer on Oct 30, 2012.
             Was a High Priest of Trog.
             Escaped with the Orb
             ... and 3 runes on Nov 1, 2012!
             The game lasted 09:19:26 (89737 turns).

ttf the Conqueror (Halfling Artificer)             Turns: 89737, Time: 09:19:26

HP 219/219 (225) AC 15     Str 17      XL: 27
MP  37/37        EV 39     Int 12      God: Trog [*****.]
Gold 2509        SH  0     Dex 26      Spells:  0 memorised, 26 levels left

Res.Fire  : + . .   See Invis. : .   (no weapon)
Res.Cold  : + + .   Warding    : .   G - +0 leather armour of Love and Death {rElec Life Prot.: . . . Conserve : + (no shield)
Res.Poison: .       Res.Corr.  : +   D - +1 dwarf helmet
Res.Elec. : +       Clarity    : .   h - +2 cloak {rCorr, Cons}
Sust.Abil.: . .     Spirit.Shd : .   j - +2 pair of orc gauntlets {Dex+3}
Res.Mut.  : +       Stasis     : .   F - +2 pair of boots {run}
Res.Rott. : .       Ctrl.Telep.: x   k - amulet of resist mutation
Saprovore : . . .   Levitation : .   c - ring of protection from cold Ctrl.Flight: .
                                     p - ring of Japtiss {+Blink rF+ Dex+1}

@: quick, quite resistant to hostile enchantments, unstealthy
A: mutation resistance 1, slow metabolism 1, Dex +1
a: Burn Spellbooks, Berserk, Trog's Hand, Brothers in Arms, Renounce Religion,
Evoke Blink
}: 3/15 runes: barnacled, silver, gossamer


You escaped.
You worshipped Trog.
Trog was exalted by your worship.
You were full.

You visited 8 branches of the dungeon, and saw 63 of its levels.
You visited 1 bazaar.

You collected 6116 gold pieces.
You spent 3627 gold pieces at shops.

Inventory:

Hand weapons
 a - a +6,+5 demon blade of electrocution
 b - a +7,+7 sling of velocity
Missiles
 g - 59 silver sling bullets
 B - 59 steel sling bullets {god gift}
Armour
 f - the +3 shield of Perpetual Drought {+Inv rF+ Dex+3}
   (You bought it in a shop in a bazaar)

   It affects your dexterity (+3).
   It protects you from fire.
   It lets you turn invisible.
 h - a +2 cloak of preservation (worn)
 j - a +2 pair of orcish gauntlets of dexterity (worn)
 D - a +1 dwarven helmet (worn)
 F - a +2 pair of boots of running (worn)
 G - the +0 leather armour of Love and Death (worn) {rElec rC+}
   (You found it on level 24 of the Dungeon)

   It protects you from cold.
   It insulates you from electricity.
 H - a +1 pair of boots of levitation
Magical devices
 u - a wand of teleportation (9)
 v - a wand of digging (9)
 I - a wand of hasting (2)
 O - a wand of hasting (9)
 U - a wand of heal wounds (9)
 W - a wand of disintegration (15)
Comestibles
 C - a meat ration
 Z - 3 bread rations
Scrolls
 e - 4 scrolls of identify
 o - 9 scrolls of blinking
 z - 6 scrolls of teleportation
 J - 2 scrolls of fog
 N - 5 scrolls of fear
Jewellery
 c - a ring of protection from cold (right hand)
 k - an amulet of resist mutation (around neck)
 n - an uncursed ring of poison resistance
 p - the ring of Japtiss (left hand) {+Blink rF+ Dex+1}
   (You found it on level 2 of the Spider Nest)

   [ring of protection from fire]

   It affects your dexterity (+1).
   It lets you blink.
 t - an uncursed amulet of warding
 w - an uncursed ring of teleport control
 y - an uncursed ring of see invisible
 M - an uncursed amulet of stasis
Potions
 m - 2 potions of restore abilities
 q - a potion of agility
 s - 6 potions of curing
 A - 3 potions of resistance
 V - 7 potions of heal wounds
 Y - 3 potions of might
Orbs of Power
 d - the Orb of Zot


   Skills:
 O Level 27 Fighting
   Level 13.1 Short Blades
 - Level 14.0 Long Blades
   Level 0.7 Staves
 - Level 24.0 Slings
 - Level 6.0 Armour
 + Level 23.2 Dodging
 - Level 5.2 Stealth
   Level 21.0 Shields
 - Level 7.0 Traps & Doors
 - Level 12.0 Evocations


You had 26 spell levels left.
You didn't know any spells.

Dungeon Overview and Level Annotations

Branches:
Dungeon (27/27)            Temple (1/1) D:4             Orc (4/4) D:8
    Elf (0/3) Orc:4          Lair (8/8) D:9          Shoals (5/5) Lair:5
 Spider (5/5) Lair:4        Slime (0/6) Lair:8       Vaults (8/8) D:14
    Zot (5/5) D:27
  Blade: Vaults:4-6   Crypt: Vaults:2-4

Altars:
Ashenzari
Cheibriados
Elyvilon
Fedhas
Kikubaaqudgha
Makhleb
Nemelex Xobeh
Okawaru
Sif Muna
Trog
Vehumet
Xom
Yredelemnul
Zin
the Shining One
Beogh

Shops:
D:4: * D:13: + D:15: ( D:24: (* Orc:4: [[[( Shoals:3: !(/!= Vaults:2: ( Vaults:5: ?

Portals:
Hell: D:21 D:22 D:23 D:24 D:25 D:26 D:27
Abyss: D:25 D:26
Pandemonium: D:24 D:26
Ziggurat: D:27 (3030 gp)
Trove: Vaults:1 (show slimy rune of Zot)

Annotations
D:8 exclusions: door, 2 electric eels and hungry ghost, Maurice
D:16 exclusion: shadow dragon
D:27 7 exclusions
Lair:4 exclusion: fire drake
Lair:5 exclusion: oklob plant
Lair:8 exclusion: downstairs
Vaults:4 Mennas, Mennas
Vaults:7 exclusion: stone giant, Boris


Innate Abilities, Weirdness & Mutations

You are small and have problems with some larger weapons.
You are somewhat resistant to further mutation.
You have a slow metabolism.
You are agile (Dex +1).


Message History

You finish taking off the +3 shield of Perpetual Drought {+Inv rF+ Dex+3}.
You feel clumsy.
Wield which item (- for none, * to show all)? (? for menu, Esc to quit)
That's too large and heavy for you to wield.
Take off which item? (? for menu, Esc to quit)
Okay, then.
You closely miss the kobold. The kobold completely misses you.
You hit the kobold.
The kobold is heavily wounded.
The kobold completely misses you.
You hit the kobold.
The kobold is severely wounded.
The kobold completely misses you.
You hit the kobold.
You kill the kobold!
Trog accepts your kill.
You see here an orcish club.
There is a staircase leading out of the dungeon here.
Are you sure you want to win?
You have escaped!

.###############.##### .#
#.# .# #.# ##### )#
########.# #...# .#
#......#.# #...# .#
#......#.# #...#
.########......#.# #...#
.................######...#
.............)..@.........#
#########......#.######...#
#........# #...# #)######.#
#...# #.# #.# #...# #.# #.#
#.### #########.# #.# #.#
..........# #.# #.#
########### #.# #.#


There were no monsters in sight!

Vanquished Creatures
  8 ancient liches
  4 orbs of fire (Zot:5)
  Boris (twice) (D:24 Shoals:5)
  Mara (D:19)
  2 Killer Klowns (Zot:5)
  10 golden dragons
  5 electric golems (Zot:5)
  Xtahua (Vaults:8)
  5 tentacled monstrosities
  22 Orb Guardians (Zot:5)
  A titan (Vaults:8)
  12 shadow dragons
  A quicksilver dragon (D:20)
  2 sphinxes
  5 storm dragons
  Kirke (D:18)
  Rupert (Shoals:4)
  3 liches
  Frances (Shoals:3)
  A balrug (Zot:5)
  A draconian monk (Zot:5)
  Ilsuiw (Shoals:3)
  A draconian knight (Zot:5)
  6 frost giants
  3 ghouls (Vaults:5)
  3 ghost moths (Spider:5)
  An orc warlord (D:25)
  2 draconian zealots (Zot:5)
  Louise (Shoals:3)
  45 stone giants
  8 fire giants
  3 draconian annihilators
  A draconian shifter (Zot:2)
  A grey draconian (Zot:2)
  3 small abominations
  4 draconian callers
  3 emperor scorpions
  A green death (D:25)
  5 red draconians
  6 yellow draconians
  5 pale draconians
  2 mottled draconians (Zot:5)
  A black draconian (Zot:5)
  3 purple draconians (Zot:5)
  Azrael (D:18)
  9 ettins
  69 yaktaur captains
  5 minotaurs (Vaults:5)
  A storm dragon zombie (Vaults:6)
  3 great orbs of eyes
  9 dragons
  2 storm dragon skeletons
  17 vault guards
  5 sirens
  5 merfolk aquamancers (Shoals:5)
  Harold (D:13)
  Josephine (D:12)
  2 anacondas (shapeshifter)
  10 ice dragons
  2 merfolk javelineers (Shoals:5)
  A ravenous feature mimic (Vaults:5)
  13 hydras
  9 ogre magi
  A shadow dragon zombie (Vaults:6)
  The ghost of newuser the Fencer, a powerful HESk of Okawaru (Lair:5)
  An alligator snapping turtle (Shoals:4)
  A ravenous item mimic (Spider:5)
  5 merfolk impalers
  2 wolf spider zombies
  A fire giant zombie (Vaults:6)
  A sphinx skeleton (D:20)
  3 stone giant zombies
  8 deep trolls
  26 centaur warriors
  A deep elf high priest (Vaults:8)
  Urug (D:13)
  An orc high priest (D:20)
  Nergalle (Spider:3)
  2 frost giant skeletons (D:23)
  3 very ugly things
  3 fire giant skeletons
  5 stone giant skeletons
  A giant orange brain (shapeshifter) (Vaults:8)
  5 hell knights
  9 sea snakes
  7 deep elf knights
  13 skeletal warriors
  6 unseen horrors
  A death drake (D:27)
  2 giant orange brains
  45 orc knights
  A death drake (shapeshifter) (D:26)
  7 iron trolls
  A black draconian zombie (Zot:5)
  A white draconian zombie (Zot:5)
  11 flayed ghosts
  A lindwurm (D:27)
  10 hill giants
  A centaur zombie (D:15)
  2 iron troll zombies
  A lindwurm (shapeshifter) (D:22)
  6 giant amoebae
  Pikel (D:6)
  3 wolf spiders (shapeshifter)
  3 wizards
  3 hill giants (shapeshifter)
  A harpy zombie (Vaults:3)
  4 necromancers (Vaults:5)
  7 orc sorcerers
  16 harpies
  A minotaur zombie (Vaults:5)
  A hydra zombie (D:13)
  A guardian serpent (shapeshifter) (Vaults:6)
  A shining eye (shapeshifter) (Vaults:7)
  2 harpies (shapeshifter)
  A hellion (D:16)
  4 griffons
  A flaming corpse (Zot:5)
  2 hydra skeletons
  18 cyclopes
  9 spiny worms
  34 wolf spiders
  2 iron troll skeletons (D:24)
  5 phantasmal warriors
  3 moths of wrath
  An ettin zombie (Vaults:4)
  2 fire crabs (shapeshifter)
  15 red wasps
  A cyclops (shapeshifter) (Vaults:7)
  14 elves
  A harpy skeleton (Vaults:4)
  An elephant slug (Lair:7)
  2 fire crabs
  16 humans (Vaults:5)
  2 slime creatures (shapeshifter) (D:20)
  A queen ant (shapeshifter) (D:26)
  2 black mambas
  A griffon skeleton (D:16)
  An eye of devastation (shapeshifter) (D:25)
  An elephant (Lair:8)
  A griffon zombie (D:18)
  A feature mimic (D:12)
  58 slime creatures
  3 ettin skeletons
  A guardian serpent skeleton (D:22)
  A rock troll (shapeshifter) (D:27)
  74 yaktaurs
  A dragon skeleton (D:12)
  9 spiny frogs
  23 rock trolls
  11 demonic crawlers
  An efreet (D:18)
  4 hill giant skeletons
  5 elves (shapeshifter)
  12 trolls
  A hellwing (Zot:5)
  A redback simulacrum (D:17)
  4 spriggans (Lair:8)
  9 snapping turtles
  106 ugly things
  An iron devil (Vaults:5)
  A mermaid (shapeshifter) (D:23)
  A queen bee (D:9)
  A deep dwarf artificer (D:11)
  A deep troll zombie (Vaults:6)
  A spriggan (shapeshifter) (Vaults:6)
  9 mermaids
  2 polar bears (D:14)
  A wandering mushroom (D:16)
  Prince Ribbit (D:4)
  A human zombie (Vaults:5)
  5 komodo dragons
  A rotting hulk (Vaults:5)
  3 rock troll zombies
  A troll (shapeshifter) (D:24)
  13 two-headed ogres
  18 blink frogs
  4 rock troll skeletons
  3 basilisks
  4 deep troll skeletons
  4 grizzly bears (Lair:8)
  23 tarantellas
  7 wyverns
  A blue devil (Vaults:5)
  8 bumblebees
  A deep elf conjurer (D:23)
  37 jumping spiders
  A hungry ghost (D:15)
  3 vampires (Vaults:5)
  18 orb spiders
  17 hippogriffs
  2 merfolk (shapeshifter)
  3 wraiths
  A fire crab zombie (D:15)
  26 merfolk
  18 trapdoor spiders
  2 steam dragons
  A blink frog skeleton (D:13)
  4 fire drakes
  3 rock worms
  A clay golem (D:15)
  8 deep elf fighters
  50 redbacks
  6 sharks
  A yaktaur zombie (D:20)
  4 fire elementals (D:18)
  3 hogs (D:18)
  10 manticores
  3 necrophages
  A redback (shapeshifter) (D:24)
  78 yaks
  3 water elementals (Shoals:3)
  A komodo dragon skeleton (D:12)
  60 orc warriors
  4 soldier ants
  A yaktaur skeleton (Vaults:2)
  31 vampire mosquitoes
  21 boulder beetles
  A boulder beetle (shapeshifter) (D:24)
  6 cyclops zombies
  A hell hound (D:18)
  4 ice beasts
  2 red devils
  7 mottled dragons
  A cyclops skeleton (D:14)
  2 kobold demonologists (Vaults:5)
  11 laboratory rats (D:19)
  2 phantoms
  A rock worm zombie (D:14)
  4 slaves (D:5)
  15 freezing wraiths
  29 ogres
  2 deep elf priests
  3 sky beasts
  A swamp drake (Zot:5)
  A black bear (Lair:8)
  2 yellow wasps (Spider:5)
  A boulder beetle zombie (D:19)
  A troll zombie (D:15)
  6 boring beetles
  61 centaurs
  8 giant goldfish
  10 crocodiles
  12 wargs
  Sigmund (Vaults:5)
  17 wolves
  16 giant slugs
  6 big kobolds
  11 water moccasins
  21 giant frogs
  A silver statue (Zot:5)
  An elf zombie (Vaults:5)
  A gnoll sergeant (D:9)
  A water moccasin zombie (D:8)
  Blork the orc (D:6)
  8 agate snails
  2 basilisk zombies (D:15)
  A soldier ant zombie (D:9)
  2 basilisk skeletons
  2 killer bee zombies
  7 jellyfish
  36 killer bees
  2 pulsating lumps (shapeshifter)
  8 wights
  11 electric eels
  A crocodile zombie (D:13)
  10 crimson imps
  3 goliath beetles
  18 orc priests
  34 spiders
  A gnoll shaman (D:5)
  3 shadows
  3 big kobold skeletons
  16 hounds
  2 quasits (Vaults:5)
  9 big fish
  4 scorpions
  2 hound skeletons
  A human (shapeshifter) (D:26)
  7 iguanas
  22 orc wizards
  3 deep elf soldiers (D:23)
  10 worker ants
  2 orange rats (Vaults:5)
  35 sheep
  9 porcupines
  Ijyb (D:3)
  A jelly (shapeshifter) (D:17)
  14 boggarts
  5 jellies
  2 mummies
  A green rat (shapeshifter) (D:16)
  24 adders
  12 gnolls
  2 scorpion zombies
  10 giant centipedes
  A gnoll (shapeshifter) (D:25)
  An iguana zombie (D:5)
  8 giant mites
  4 lemures (Vaults:5)
  An adder zombie (D:12)
  89 green rats
  2 iguana skeletons
  A shadow imp (Vaults:5)
  An inept feature mimic (D:5)
  A white imp (Vaults:5)
  7 worms
  5 grey rats (Vaults:5)
  A grey rat (shapeshifter) (Vaults:5)
  2 oozes
  145 orcs
  37 bats
  5 giant cockroaches
  19 hobgoblins
  28 jackals
  12 quokkas
  4 giant geckos
  8 giant newts
  2 giant spores
  15 goblins
  2 hobgoblin zombies (D:7)
  A jackal zombie (D:5)
  40 kobolds
  2 kobold zombies (D:7)
  2 orc skeletons
  3 orc zombies
  33 rats
  A rat skeleton (D:5)
  2 ballistomycetes (D:10)
  A crawling corpse (Vaults:5)
  A fungus (Lair:8)
  5 plants
  37 toadstools
2755 creatures vanquished.

Vanquished Creatures (collateral kills)
  Saint Roka (Orc:4)
  Maud (Lair:5)
  2 stone giants (D:25)
  Snorg (Vaults:1)
  9 vault guards
  7 yaktaur captains (D:25)
  An ettin (D:24)
  A hydra (Lair:5)
  A centaur warrior (D:20)
  7 skeletal warriors (D:16)
  A swamp dragon (D:27)
  An ice statue (Vaults:2)
  2 orc knights (Orc:4)
  4 wolf spiders
  An oklob plant (Lair:8)
  A spiny worm (Lair:4)
  A giant amoeba (D:17)
  An elephant slug (Lair:7)
  An elephant slug (shapeshifter) (D:26)
  A phantasmal warrior (D:25)
  A spriggan druid (Lair:8)
  4 elephants (Lair:8)
  A slime creature (shapeshifter) (D:25)
  7 slime creatures
  2 spiny frogs
  A rock troll (D:17)
  2 demonic crawlers
  A feature mimic (D:17)
  5 spriggans (Lair:8)
  8 yaktaurs
  A queen bee (Lair:3)
  2 trolls
  A two-headed ogre (D:14)
  3 blink frogs (Lair:2)
  A brown ooze (Lair:8)
  2 jumping spiders
  A grizzly bear (Lair:7)
  A wyvern (Vaults:2)
  An orb spider (Spider:5)
  3 tarantellas (Spider:5)
  7 yaks
  2 sharks
  2 trapdoor spiders (Spider:5)
  A hog (D:18)
  A deep elf fighter (D:17)
  4 redbacks
  A hell hound (D:18)
  6 orc warriors (Orc:4)
  2 giant goldfish (Lair:2)
  An ice beast (Vaults:2)
  2 yellow wasps
  2 black bears (Lair:8)
  2 centaurs (D:14)
  An ogre (Orc:4)
  A giant frog (Lair:4)
  6 killer bees (Lair:3)
  A jellyfish (Lair:2)
  An electric eel (Spider:5)
  A goliath beetle (Spider:1)
  A crimson imp (D:14)
  4 spiders (Spider:1)
  A big fish (Spider:1)
  9 sheep
  2 adders
  3 gnolls
  2 green rats (Lair:8)
  A giant centipede zombie (D:14)
  2 giant mites (Lair:4)
  8 orcs
  A goblin (D:5)
  3 kobolds (D:14)
174 creatures vanquished.

Vanquished Creatures (others)
  2 deep trolls
  A cyclops (Vaults:3)
  3 humans
  4 yaktaurs
  2 rock trolls
  A demonic crawler (Spider:2)
  5 trolls
  10 two-headed ogres
  A jumping spider (Spider:1)
  A deep troll skeleton (Vaults:3)
  A yak (D:10)
  A laboratory rat (D:19)
  24 ogres
  A small abomination (Spider:5)
  A centaur (D:16)
  A wolf (Lair:8)
  A giant frog (D:15)
  A hound (D:7)
  A deep elf soldier (Vaults:5)
  2 green rats
  A giant centipede zombie (D:8)
  6 orcs
  6 kobolds (D:18)
  A quokka (D:9)
  A giant newt (D:3)
  A goblin (D:2)
  3 rats
  10 fungi
  7 plants
  38 toadstools
138 creatures vanquished.

Grand Total: 3067 creatures vanquished

Notes
Turn   | Place    | Note
--------------------------------------------------------------
     0 | D:1      | ttf, the Halfling Artificer, began the quest for the Orb.
     0 | D:1      | Reached XP level 1. HP: 14/14 MP: 1/1
   260 | D:1      | Reached XP level 2. HP: 12/19 MP: 3/3
   395 | D:1      | Reached skill level 1 in Short Blades
  1147 | D:1      | Reached XP level 3. HP: 24/24 MP: 4/4
  1957 | D:2      | Reached XP level 4. HP: 13/29 MP: 6/6
  2462 | D:2      | Reached skill level 4 in Dodging
  2896 | D:3      | Noticed Ijyb
  2921 | D:3      | Killed Ijyb
  3126 | D:3      | Reached XP level 5. HP: 19/34 MP: 7/7
  4217 | D:4      | Reached skill level 5 in Dodging
  4242 | D:4      | Found Pyokhlo's Assorted Antiques.
  4519 | D:4      | Noticed Prince Ribbit
  4527 | D:4      | Killed Prince Ribbit
  4527 | D:4      | Reached skill level 6 in Short Blades
  4527 | D:4      | Reached XP level 6. HP: 39/39 MP: 9/9
  4527 | D:4      | Reached XP level 7. HP: 44/44 MP: 10/10
  4855 | D:4      | Found a staircase to the Ecumenical Temple.
  4867 | Temple   | Entered the Ecumenical Temple
  4981 | Temple   | Gained mutation: You are agile (Dex +1). [potion of gain dexterity]
  5002 | Temple   | Became a worshipper of Trog the Wrathful
  5090 | D:5      | Entered Level 5 of the Dungeon
  5108 | D:5      | Reached skill level 1 in Slings
  6334 | D:5      | Noticed Pikel
  6709 | D:5      | Reached skill level 7 in Dodging
  6709 | D:5      | Reached XP level 8. HP: 49/49 MP: 12/12
  6865 | D:5      | Reached skill level 5 in Slings
  6890 | D:5      | Acquired Trog's first power
  7622 | D:6      | Noticed Blork the orc
  7630 | D:6      | Killed Blork the orc
  7936 | D:6      | Killed Pikel
  7936 | D:6      | Reached skill level 9 in Slings
  7936 | D:6      | Reached XP level 9. HP: 43/54 MP: 13/13
  8282 | D:6      | Acquired Trog's second power
  8748 | D:7      | Reached skill level 10 in Slings
  9519 | D:8      | Found a staircase to the Orcish Mines.
  9592 | D:8      | Noticed Maurice
  9641 | D:8      | Got an encrusted leather armour
  9649 | D:8      | Identified the +2 leather armour of Noon (You found it on level 8 of the Dungeon)
  9952 | D:8      | Reached skill level 11 in Slings
 10108 | D:8      | Found a snail-covered altar of Cheibriados.
 10151 | D:8      | Reached XP level 10. HP: 44/60 MP: 15/15
 11255 | D:9      | Found a white marble altar of Elyvilon.
 11287 | D:9      | Reached skill level 12 in Slings
 11625 | D:9      | Acquired Trog's third power
 11887 | D:9      | Found a staircase to the Lair.
 11898 | D:9      | Reached skill level 10 in Dodging
 11911 | D:9      | Received a gift from Trog
 12643 | D:9      | Reached skill level 13 in Slings
 12653 | D:9      | Received a gift from Trog
 12742 | Lair:1   | Entered Level 1 of the Lair of Beasts
 13588 | Lair:1   | Reached XP level 11. HP: 61/64 MP: 17/17
 14187 | Lair:2   | Received a gift from Trog
 14221 | Lair:2   | Got an ancient sling
 14222 | Lair:2   | Identified the cursed sling of the Present {flame, +Inv SInv} (You found it on level 2 of the Lair of Beasts)
 14592 | Lair:2   | Reached skill level 10 in Short Blades
 14595 | Lair:2   | Reached skill level 14 in Slings
 14610 | Lair:2   | Reached skill level 5 in Stealth
 14662 | Lair:2   | Received a gift from Trog
 15136 | Lair:2   | Noticed a seven-headed hydra
 15145 | Lair:2   | Killed a seven-headed hydra
 15704 | Lair:3   | Got a slimy leather armour
 15736 | Lair:3   | Identified the cursed -3 leather armour of Impatience (You found it on level 3 of the Lair of Beasts)
 15865 | Lair:3   | Received a gift from Trog
 16236 | Lair:3   | Noticed a four-headed hydra
 16460 | Lair:3   | Killed a four-headed hydra
 16460 | Lair:3   | Reached skill level 15 in Slings
 16932 | Lair:3   | Received a gift from Trog
 16947 | Lair:3   | Reached XP level 12. HP: 66/70 MP: 18/18
 17134 | Lair:3   | Reached skill level 1 in Shields
 17552 | Lair:4   | Found a hole to the Spider Nest.
 17742 | Lair:4   | Received a gift from Trog
 17908 | Lair:4   | Noticed a seven-headed hydra
 17917 | Lair:4   | Killed a nine-headed hydra
 18333 | Lair:4   | Identified a scroll of acquirement
 18336 | Lair:4   | Identified a +4 rod of striking (8/8) (You acquired it on level 4 of the Lair of Beasts)
 18510 | Lair:4   | Found a dark tunnel.
 18715 | Lair:5   | Reached skill level 16 in Slings
 18796 | Lair:5   | Found a staircase to the Shoals.
 19035 | Lair:5   | Noticed Maud
 19272 | Lair:5   | Killed Maud
 19286 | Lair:5   | Noticed an eight-headed hydra
 19290 | Lair:5   | Killed an eight-headed hydra
 19321 | Lair:5   | Noticed newuser's ghost (powerful HESk)
 19347 | Lair:5   | Killed newuser's ghost
 19347 | Lair:5   | Reached skill level 5 in Shields
 19798 | Lair:6   | Noticed a four-headed hydra
 19927 | Lair:5   | Reached skill level 5 in Traps & Doors
 20108 | Lair:6   | Reached skill level 1 in Long Blades
 20126 | Lair:6   | Received a gift from Trog
 20401 | Lair:6   | Killed a four-headed hydra
 20917 | Lair:6   | Reached XP level 13. HP: 74/74 MP: 19/19
 20926 | Lair:6   | Received a gift from Trog
 21365 | Lair:7   | Received a gift from Trog
 21841 | Lair:7   | Reached skill level 17 in Slings
 22519 | Lair:8   | Entered Level 8 of the Lair of Beasts
 22529 | Lair:8   | Reached skill level 5 in Long Blades
 22549 | Lair:8   | Received a gift from Trog
 22756 | Lair:8   | Found a staircase to the Slime Pits.
 23467 | Lair:8   | Received a gift from Trog
 23849 | Lair:8   | Noticed a seven-headed hydra
 23860 | Lair:8   | Killed a seven-headed hydra
 24102 | Lair:8   | Received a gift from Trog
 24296 | Lair:8   | Reached skill level 18 in Slings
 24309 | Lair:8   | Received a gift from Trog
 24578 | Lair:8   | Reached skill level 15 in Dodging
 24862 | Lair:8   | Reached XP level 14. HP: 74/80 MP: 20/20
 25478 | D:9      | Received a gift from Trog
 25645 | D:10     | Entered Level 10 of the Dungeon
 25680 | D:10     | Paralysed by a potion of paralysis for 2 turns
 26041 | D:10     | Reached skill level 10 in Long Blades
 26068 | D:10     | Reached skill level 1 in Armour
 26530 | Orc:1    | Entered Level 1 of the Orcish Mines
 27150 | Orc:4    | Entered Level 4 of the Orcish Mines
 27293 | Orc:4    | Received a gift from Trog
 28004 | Orc:4    | Found a staircase to the Elven Halls.
 28016 | Orc:4    | Noticed Saint Roka
 28122 | Orc:4    | Reached skill level 19 in Slings
 28215 | Orc:4    | Received a gift from Trog
 28352 | Orc:4    | Found Thrainosh's Antique Armour Boutique.
 28352 | Orc:4    | Found Schoeddou's Antique Armour Emporium.
 28642 | Orc:4    | Received a gift from Trog
 28799 | Orc:4    | Received a gift from Trog
 28984 | Orc:4    | Found a roughly hewn altar of Beogh.
 29293 | Orc:4    | Killed Saint Roka
 29326 | Orc:4    | Found Iloer's Armour Boutique.
 29326 | Orc:4    | Found Qurphonk's Weapon Emporium.
 29334 | Orc:4    | Bought 16 stones for 24 gold pieces
 29344 | Orc:4    | Bought a +1 pair of boots of levitation for 237 gold pieces
 29449 | Orc:4    | Bought an elven cap for 102 gold pieces
 29461 | Orc:4    | Bought a dazzling leather armour for 231 gold pieces
 29472 | Orc:4    | Identified the +3 leather armour "Trenoqynwo" (You bought it in a shop on level 4 of the Orcish Mines)
 30826 | D:12     | Noticed Josephine
 30861 | D:12     | Killed Josephine
 30861 | D:12     | Reached XP level 15. HP: 81/84 MP: 21/21
 31466 | D:12     | Received a gift from Trog
 31550 | D:12     | Found a basalt altar of Yredelemnul.
 31581 | D:12     | Reached skill level 20 in Slings
 31890 | D:13     | Noticed Urug
 31917 | D:13     | Killed Urug
 32083 | D:13     | Received a gift from Trog
 32120 | D:13     | Noticed Harold
 32146 | D:13     | Killed Harold
 32314 | D:13     | Found Hoty's Book Shop.
 33425 | D:14     | Entered Level 14 of the Dungeon
 33692 | D:14     | Reached skill level 21 in Slings
 33858 | D:14     | Received a gift from Trog
 33872 | D:14     | Reached skill level 1 in Fighting
 33925 | D:14     | Found a staircase to the Vaults.
 34007 | D:14     | Received a gift from Trog
 34252 | D:14     | Found a frozen archway.
 34296 | D:14     | Reached XP level 16. HP: 85/91 MP: 21/21
 34436 | D:15     | Entered Level 15 of the Dungeon
 35147 | D:15     | Found Qelamed's Weapon Emporium.
 35189 | D:15     | Received a gift from Trog
 36280 | D:16     | Reached skill level 5 in Fighting
 36617 | D:16     | Reached skill level 22 in Slings
 36647 | D:16     | Received a gift from Trog
 37120 | D:16     | Received a gift from Trog
 37354 | D:16     | Received a gift from Trog
 37371 | D:16     | Reached XP level 17. HP: 66/105 MP: 22/22
 37695 | D:16     | Noticed a shadow dragon
 37723 | D:16     | Found a white marble altar of Elyvilon.
 37866 | D:16     | Received a gift from Trog
 38609 | Vaults:1 | Entered Level 1 of the Vaults
 39088 | Vaults:1 | Noticed Snorg
 39095 | Vaults:1 | Killed Snorg
 39190 | Vaults:1 | Received a gift from Trog
 39695 | Vaults:1 | Reached skill level 23 in Slings
 39839 | Vaults:1 | Found a portal to a secret trove of treasure.
 40110 | Vaults:1 | Received a gift from Trog
 40541 | Vaults:2 | Received a gift from Trog
 40725 | Vaults:2 | Reached XP level 18. HP: 116/116 MP: 23/23
 40846 | Vaults:2 | Received a gift from Trog
 40903 | Vaults:2 | Found Bradecim's Weapon Boutique.
 42027 | Vaults:3 | Received a gift from Trog
 42377 | Vaults:3 | Received a gift from Trog
 42911 | Vaults:3 | Reached skill level 24 in Slings
 43149 | Vaults:4 | Noticed Mennas
 43526 | Spider:1 | Entered Level 1 of the Spider Nest
 43529 | Spider:1 | Received a gift from Trog
 43545 | Spider:1 | Reached skill level 10 in Fighting
 44102 | Spider:1 | Received a gift from Trog
 44730 | Spider:2 | Got a fine jade ring
 44815 | Spider:2 | Reached skill level 5 in Armour
 44815 | Spider:2 | Reached XP level 19. HP: 123/125 MP: 24/24
 45563 | Spider:2 | Identified the ring of Japtiss (You found it on level 2 of the Spider Nest)
 45750 | Spider:3 | Noticed Nergalle
 45760 | Spider:3 | Killed Nergalle
 45786 | Spider:3 | Received a gift from Trog
 46019 | Spider:3 | Received a gift from Trog
 46496 | Spider:4 | Received a gift from Trog
 46820 | Spider:4 | Received a gift from Trog
 46820 | Spider:4 | Reached skill level 5 in Evocations
 47515 | Spider:4 | Got a fine scale mail
 47531 | Spider:4 | Identified the +5 scale mail of the Other Side (You found it on level 4 of the Spider Nest)
 47558 | Spider:4 | Got a steaming robe
 47568 | Spider:4 | Identified the +1 robe of Hopscotch (You found it on level 4 of the Spider Nest)
 47629 | Spider:5 | Entered Level 5 of the Spider Nest
 48522 | Spider:5 | Received a gift from Trog
 48665 | Spider:5 | Received a gift from Trog
 49673 | Spider:5 | Got a gossamer rune of Zot
 49740 | Spider:5 | Reached XP level 20. HP: 135/135 MP: 30/30
 50419 | D:17     | Found an iron altar of Okawaru.
 51340 | D:17     | Received a gift from Trog
 51701 | D:18     | Noticed Azrael
 51711 | D:18     | Killed Azrael
 51717 | D:18     | Received a gift from Trog
 52193 | D:18     | Noticed Kirke
 52222 | D:18     | Killed Kirke
 52222 | D:18     | Reached skill level 10 in Evocations
 52233 | D:18     | Received a gift from Trog
 52603 | D:18     | Received a gift from Trog
 52788 | D:18     | Received a gift from Trog
 53598 | D:19     | Noticed Mara
 53617 | D:19     | Killed Mara
 53746 | D:19     | Received a gift from Trog
 54113 | D:19     | Received a gift from Trog
 54301 | D:19     | Reached XP level 21. HP: 133/143 MP: 33/33
 54542 | D:20     | Entered Level 20 of the Dungeon
 54732 | D:20     | Received a gift from Trog
 54991 | D:20     | Received a gift from Trog
 56073 | D:20     | Noticed a quicksilver dragon
 56084 | D:20     | Killed a quicksilver dragon
 56556 | D:20     | Received a gift from Trog
 57045 | D:21     | Paralysed by a great orb of eyes for 2 turns
 57433 | D:21     | Received a gift from Trog
 57594 | D:21     | Noticed a lich
 57607 | D:21     | Killed a lich
 57617 | D:21     | Reached XP level 22. HP: 125/153 MP: 34/34
 57733 | D:21     | Got a fine copper amulet
 57734 | D:21     | Identified the amulet of Etutah (You found it on level 21 of the Dungeon)
 57912 | D:21     | Found a gateway to Hell.
 58957 | D:22     | Found a shattered altar of Ashenzari.
 59039 | D:22     | Received a gift from Trog
 59796 | D:23     | Found a flickering gateway to a bazaar.
 59817 | Bazaar   | Entered a bazaar
 59817 | Bazaar   | Found Afasm's Book Emporium.
 59817 | Bazaar   | Found Mnyoc's Armour Emporium.
 59818 | Bazaar   | Found Mufaf's Jewellery Shoppe.
 59818 | Bazaar   | Found Hailar's General Store.
 59842 | Bazaar   | Bought the +3 shield of Perpetual Drought {+Inv rF+ Dex+3} for 642 gold pieces
 59842 | Bazaar   | Bought a +0 cloak of preservation for 49 gold pieces
 59843 | Bazaar   | Bought a +1 pair of orcish gauntlets of dexterity for 97 gold pieces
 59867 | Bazaar   | Bought an uncursed amulet of resist mutation for 600 gold pieces
 60837 | D:24     | Received a gift from Trog
 60995 | D:24     | Reached skill level 15 in Fighting
 61048 | D:24     | Found Ziupoeki's Antique Weapon Emporium.
 61231 | D:24     | Noticed Boris
 61251 | D:24     | Killed Boris
 61251 | D:24     | Received a gift from Trog
 61438 | D:24     | Found Shrofrir's General Store.
 61444 | D:24     | Bought a meat ration for 72 gold pieces
 61478 | D:24     | Got a transparent leather armour
 61490 | D:24     | Identified the +0 leather armour of Love and Death (You found it on level 24 of the Dungeon)
 61747 | D:24     | Received a gift from Trog
 61905 | D:24     | Reached XP level 23. HP: 157/162 MP: 35/35
 62002 | D:24     | Reached skill level 10 in Shields
 62197 | D:24     | Received a gift from Trog
 62437 | D:24     | Received a gift from Trog
 62598 | D:24     | Noticed a golden dragon
 62616 | D:24     | Killed a golden dragon
 62818 | D:24     | Found a one-way gate leading to the halls of Pandemonium.
 63107 | D:25     | Entered Level 25 of the Dungeon
 63483 | D:25     | Received a gift from Trog
 63610 | D:25     | Received a gift from Trog
 64283 | D:25     | Noticed a lich
 64291 | D:25     | Reached XP level 24. HP: 104/172 MP: 36/36
 64292 | D:25     | Reached XP level 23. HP: 100/165 MP: 35/35
 64517 | D:25     | Found a one-way gate to the infinite horrors of the Abyss.
 64779 | D:25     | Reached XP level 24. HP: 165/172 MP: 36/36
 65250 | D:26     | Noticed a lich
 65256 | D:26     | Killed a lich
 65264 | D:26     | Received a gift from Trog
 65966 | D:26     | Received a gift from Trog
 67228 | D:26     | Received a gift from Trog
 67585 | D:27     | Entered Level 27 of the Dungeon
 67634 | D:27     | Noticed an ancient lich
 67655 | D:27     | Killed an ancient lich
 67655 | D:27     | Reached skill level 15 in Shields
 67655 | D:27     | Reached XP level 25. HP: 120/183 MP: 36/36
 68080 | D:27     | Received a gift from Trog
 68438 | D:27     | Identified a +2 pair of boots of running (You found it on level 27 of the Dungeon)
 68873 | D:27     | Noticed a golden dragon
 69908 | D:27     | Found a gateway to a ziggurat.
 70001 | D:27     | Noticed a golden dragon
 70578 | D:19     | Received a gift from Trog
 71157 | Shoals:1 | Entered Level 1 of the Shoals
 71580 | Shoals:1 | Received a gift from Trog
 72281 | Shoals:3 | Found Bubyemp's Magical Wand Emporium.
 72293 | Shoals:3 | Bought a wand of heal wounds (3) for 672 gold pieces
 72340 | Shoals:3 | Noticed Ilsuiw
 72389 | Shoals:3 | Killed Ilsuiw
 72625 | Shoals:3 | Found Aducyil's Antique Weapon Boutique.
 72666 | Shoals:3 | Received a gift from Trog
 72866 | Shoals:3 | Found Vaoziogriff's Distillery.
 72877 | Shoals:3 | Found Qoczac's Jewellery Shop.
 72888 | Shoals:3 | Bought a potion of might for 35 gold pieces
 72888 | Shoals:3 | Bought a potion of heal wounds for 42 gold pieces
 72888 | Shoals:3 | Bought a potion of speed for 77 gold pieces
 72895 | Shoals:3 | Noticed Louise
 72907 | Shoals:3 | Killed Louise
 72913 | Shoals:3 | Bought a cursed ring of hunger for 36 gold pieces
 72913 | Shoals:3 | Bought an uncursed amulet of inaccuracy for 36 gold pieces
 72926 | Shoals:3 | Received a gift from Trog
 73115 | Shoals:3 | Found Sorchuat's Distillery.
 73115 | Shoals:3 | Noticed Frances
 73130 | Shoals:3 | Killed Frances
 73252 | Shoals:3 | Bought a potion of heal wounds for 51 gold pieces
 73559 | Shoals:4 | Received a gift from Trog
 73696 | Shoals:4 | Noticed Rupert
 73715 | Shoals:4 | Reached XP level 26. HP: 185/189 MP: 37/37
 73720 | Shoals:4 | Killed Rupert
 73790 | Shoals:4 | Received a gift from Trog
 74018 | Shoals:5 | Entered Level 5 of the Shoals
 74066 | Shoals:5 | Got an iridescent sling
 74069 | Shoals:5 | Identified the +4,+5 sling of Wokhlec (You took it off a mermaid on level 5 of the Shoals)
 74163 | Shoals:5 | Received a gift from Trog
 74172 | Shoals:5 | Noticed Boris
 74624 | Shoals:5 | Killed Boris
 74624 | Shoals:5 | Received a gift from Trog
 74677 | Shoals:5 | Got a barnacled rune of Zot
 75613 | Vaults:5 | Received a gift from Trog
 75935 | Vaults:5 | Found Izxome's Magic Scroll Emporium.
 75942 | Vaults:5 | Bought a scroll of enchant weapon I for 104 gold pieces
 75942 | Vaults:5 | Bought a scroll of blinking for 104 gold pieces
 75942 | Vaults:5 | Bought a scroll of fog for 38 gold pieces
 75944 | Vaults:5 | Bought a scroll of vulnerability for 142 gold pieces
 75944 | Vaults:5 | Bought a scroll of magic mapping for 66 gold pieces
 75944 | Vaults:5 | Bought a scroll of magic mapping for 66 gold pieces
 75944 | Vaults:5 | Bought a scroll of enchant armour for 104 gold pieces
 76089 | Vaults:5 | Noticed Sigmund
 76092 | Vaults:5 | wut
 76165 | Vaults:5 | Killed Sigmund
 76575 | Vaults:5 | Received a gift from Trog
 76657 | Vaults:5 | Received a gift from Trog
 76932 | Vaults:5 | Reached XP level 27. HP: 106/196 MP: 37/37
 77169 | Vaults:5 | Received a gift from Trog
 77618 | Vaults:6 | Received a gift from Trog
 79155 | Vaults:7 | Received a gift from Trog
 79185 | Vaults:7 | Noticed Boris
 79208 | Vaults:7 | Found an ancient bone altar of Kikubaaqudgha.
 79359 | Vaults:7 | Received a gift from Trog
 79534 | Vaults:7 | Received a gift from Trog
 79788 | Vaults:7 | Received a gift from Trog
 80148 | Vaults:8 | Entered Level 8 of the Vaults
 80903 | Vaults:8 | Received a gift from Trog
 81175 | Vaults:8 | Noticed a golden dragon
 81220 | Vaults:8 | Killed a golden dragon
 81481 | Vaults:8 | Received a gift from Trog
 81559 | Vaults:8 | Got a sparkling ivory ring
 81563 | Vaults:8 | Identified the ring of Qoutaa (You found it on level 8 of the Vaults)
 81655 | Vaults:8 | Received a gift from Trog
 81846 | Vaults:8 | Noticed Xtahua
 81853 | Vaults:8 | Killed Xtahua
 82102 | Vaults:8 | Got a silver rune of Zot
 83047 | D:27     | Killed a golden dragon
 83167 | D:27     | Killed a golden dragon
 83270 | D:27     | Received a gift from Trog
 83313 | Zot:1    | Entered Level 1 of the Realm of Zot
 83630 | Zot:3    | Noticed a golden dragon
 83655 | Zot:3    | Killed a golden dragon
 83902 | Zot:5    | Entered Level 5 of the Realm of Zot
 84165 | Zot:5    | Noticed a golden dragon
 84179 | Zot:5    | Killed a golden dragon
 84257 | Zot:5    | Received a gift from Trog
 84386 | Zot:5    | Noticed an electric golem
 84390 | Zot:5    | Noticed an ancient lich
 84404 | Zot:5    | Killed an electric golem
 84784 | Zot:5    | Noticed an electric golem
 84795 | Zot:5    | Killed an electric golem
 84867 | Zot:5    | Noticed an electric golem
 84875 | Zot:5    | Killed an electric golem
 84891 | Zot:5    | Noticed a Killer Klown
 84911 | Zot:5    | Killed an ancient lich
 84922 | Zot:5    | Killed a Killer Klown
 84964 | Zot:5    | Noticed a golden dragon
 84982 | Zot:5    | Killed a golden dragon
 85205 | Zot:5    | Received a gift from Trog
 85312 | Zot:5    | Noticed an ancient lich
 85372 | Zot:5    | Noticed an orb of fire
 85391 | Zot:5    | Killed an orb of fire
 85863 | Zot:5    | Killed an ancient lich
 86248 | Zot:5    | Noticed an ancient lich
 86594 | Zot:5    | Killed an ancient lich
 86777 | Zot:5    | Noticed an ancient lich
 86789 | Zot:5    | Killed an ancient lich
 86815 | Zot:5    | Reached skill level 25 in Fighting
 86828 | Zot:5    | Noticed a golden dragon
 86851 | Zot:5    | Noticed an ancient lich
 86951 | Zot:5    | Noticed an ancient lich
 86966 | Zot:5    | Killed an ancient lich
 86995 | Zot:5    | Noticed a Killer Klown
 87002 | Zot:5    | Killed a Killer Klown
 87052 | Zot:5    | Killed an ancient lich
 87077 | Zot:5    | Noticed an ancient lich
 87093 | Zot:5    | Killed an ancient lich
 87188 | Zot:5    | Noticed an electric golem
 87203 | Zot:5    | Killed an electric golem
 87270 | Zot:5    | Noticed an orb of fire
 87282 | Zot:5    | Killed an orb of fire
 87311 | Zot:5    | Noticed a golden dragon
 87313 | Zot:5    | Noticed an orb of fire
 87327 | Zot:5    | Killed a golden dragon
 87327 | Zot:5    | Reached skill level 26 in Fighting
 87341 | Zot:5    | Killed an orb of fire
 87536 | Zot:5    | Noticed an electric golem
 87549 | Zot:5    | Killed an electric golem
 87611 | Zot:5    | Noticed an orb of fire
 87627 | Zot:5    | Killed an orb of fire
 87705 | Zot:5    | Noticed a golden dragon
 87715 | Zot:5    | Killed a golden dragon
 87925 | Zot:5    | Killed a golden dragon
 88307 | Zot:5    | Reached skill level 27 in Fighting
 88891 | Zot:5    | Got the Orb of Zot
 89737 | D:$      | Escaped with the Orb!
